 Dungeon Crawl Stone Soup version 0.20.1-1-g8b1a95d (webtiles) character file.

1176 Nattfarinn the Covert (level 8, 0/55 HPs)
             Began as a Halfling Assassin on Aug 1, 2017.
             Was an Initiate of Ashenzari.
             Slain by a shadow (30 damage)
             ... on level 7 of the Dungeon.
             The game lasted 00:16:05 (6729 turns).

Nattfarinn the Covert (Halfling Assassin)           Turns: 6729, Time: 00:16:06

Health: 0/55       AC:  6    Str: 14    XL:     8   Next: 69%
Magic:  8/8        EV: 20    Int:  9    God:    Ashenzari [......]
Gold:   305        SH:  0    Dex: 16    Spells: 7/7 levels left

rFire    . . .     SeeInvis .   t - +4 short sword (speed) (curse)
rCold    . . .     Gourm    .   (shield restricted)
rNeg     . . .     Faith    .   H - +0 robe (curse)
rPois    .         Spirit   .   (no helmet)
rElec    .         Reflect  .   s - +0 cloak
rCorr    .         Harm     .   (no gloves)
MR       .....                  E - +0 pair of boots
Stlth    ++++......             (no amulet)
Regen    0.2/turn               J - +6 ring of evasion (curse)
MPRegen  0.2/turn               x - +2 ring of protection (curse)

@: no status effects
A: mutation resistance 1
a: Curse Item, Renounce Religion


You were on level 7 of the Dungeon.
You worshipped Ashenzari.
Ashenzari was noncommittal.
You were near starving.

You visited 2 branches of the dungeon, and saw 8 of its levels.

You collected 428 gold pieces.
You spent 123 gold pieces at shops.

Inventory:

Hand Weapons
 a - a +2 dagger
 b - a +0 blowgun
 t - a cursed +4 short sword of speed (weapon)
Missiles
 e - 48 poisoned needles
 f - 2 curare-tipped needles
 o - 5 needles of confusion
Armour
 c - a +0 robe
 d - a +0 cloak
 s - a +0 cloak (worn)
 E - a +0 pair of boots (worn)
 H - a cursed +0 robe (worn)
Jewellery
 q - an uncursed ring of resist corrosion
 x - a cursed +2 ring of protection (right hand)
 y - an uncursed ring of protection from magic
 J - a cursed +6 ring of evasion (left hand)
Wands
 G - a wand of polymorph (11/24)
Scrolls
 j - 10 scrolls of identify
 k - 5 scrolls of teleportation {unknown}
 m - a scroll of magic mapping {unknown}
 v - 2 scrolls of fear {unknown}
 w - 4 scrolls of amnesia {unknown}
 C - a scroll of blinking {unknown}
 D - 2 scrolls of recharging {unknown}
 F - 2 scrolls of enchant weapon
 K - a scroll of enchant armour {unknown}
Potions
 h - 5 potions of curing
 n - 2 potions of invisibility
 p - 2 potions of haste {unknown}
 u - a potion of magic {unknown}
 z - a potion of berserk rage {unknown}
 A - a potion of lignification {unknown}
 B - a potion of heal wounds {unknown}
 I - a potion of agility {unknown}
 L - a potion of degeneration {unknown}
Comestibles
 g - 8 bread rations
 l - 2 royal jellies
 r - 3 meat rations


   Skills:
 * Level 5.1 Fighting
 + Level 7.3 Short Blades
 - Level 2.0 Throwing
 - Level 1.1 Dodging
 * Level 8.1 Stealth


You had 7 spell levels left.
You didn't know any spells.

Dungeon Overview and Level Annotations

Branches:
Dungeon (7/15)             Temple (1/1) D:4

Altars:
Ashenzari
Cheibriados
Dithmenos
Elyvilon
Gozag
Hepliaklqana
Kikubaaqudgha
Makhleb
Nemelex Xobeh
Okawaru
Qazlal
Ru
Sif Muna
Trog
Uskayaw
Vehumet
Xom
Yredelemnul
Zin
The Shining One

Shops:
D:4 ?   D:5 *


Innate Abilities, Weirdness & Mutations

You are small and have problems with some larger weapons.
You are somewhat resistant to further mutation.


Message History

A shadow is nearby!
The shadow slips into darkness.
The shadow flickers and vanishes!
Deactivating autopickup; reactivate with Ctrl-A.
No target in view!
No target in view!
No target in view!
The shadow strikes at you from the darkness!
Reactivating autopickup.
You hit the shadow but do no damage. You hit the shadow.
The shadow is lightly damaged.
The shadow slips into darkness.
The shadow flickers and vanishes!
Deactivating autopickup; reactivate with Ctrl-A.
You closely miss something. You miss something.
The shadow strikes at you from the darkness!
Ouch! That really hurt!
You die...

#..<####.#...#
##...........
#.........##
#..########
####..#
#.....#
#.##### #.#
#@# #{# #.#
..# ###


There were no monsters in sight!

Vanquished Creatures
  An ogre (D:7)
  A centaur (D:7)
  A wyvern skeleton (D:7)
  A scorpion (D:7)
  3 howler monkeys
  2 bullfrog zombies
  A centaur zombie (D:4)
  4 crimson imps
  A quasit (D:5)
  A centaur skeleton (D:7)
  3 hounds
  An orc wizard (D:7)
  2 bullfrog skeletons
  An iguana (D:7)
  A worker ant (D:7)
  A hound zombie (D:7)
  A howler monkey zombie (D:5)
  3 gnolls (D:5)
  8 adders
  An ooze (D:2)
  An adder skeleton (D:4)
  2 worms
  4 dart slugs
  A leopard gecko (D:2)
  12 orcs (D:3)
  2 ball pythons
  9 bats
  2 giant cockroaches
  6 goblins
  16 hobgoblins
  11 jackals
  6 quokkas
  6 frilled lizards
  5 kobolds
  A leopard gecko zombie (D:7)
  2 quokka skeletons (D:6)
  11 rats
135 creatures vanquished.

Notes
Turn   | Place    | Note
-------+----------+-------------------------------------------
     0 | D:1      | Nattfarinn the Halfling Assassin began the quest for the Orb.
     0 | D:1      | Reached XP level 1. HP: 14/14 MP: 1/1
    48 | D:1      | Reached XP level 2. HP: 17/19 MP: 2/2
   214 | D:1      | Reached skill level 5 in Stealth
   350 | D:1      | Reached XP level 3. HP: 16/24 MP: 3/3
   750 | D:1      | Reached XP level 4. HP: 8/29 MP: 4/4
   994 | D:2      | Found a shimmering altar of Xom.
  1315 | D:2      | Found an opulent altar of Gozag.
  1804 | D:3      | Reached XP level 5. HP: 26/35 MP: 5/5
  2328 | D:3      | Reached skill level 6 in Stealth
  2785 | D:3      | Reached XP level 6. HP: 39/42 MP: 6/6
  2991 | D:4      | Found a staircase to the Ecumenical Temple.
  3060 | Temple   | Entered the Ecumenical Temple
  3305 | D:4      | Found Ciatuitz's Magic Scroll Boutique.
  3308 | D:4      | Bought a scroll of identify for 26 gold pieces
  3308 | D:4      | Bought a scroll of enchant weapon for 97 gold pieces
  3823 | D:4      | Reached skill level 5 in Short Blades
  4166 | D:4      | Reached XP level 7. HP: 44/46 MP: 7/7
  4286 | D:5      | Entered Level 5 of the Dungeon
  4601 | D:5      | Found Reock's Assorted Antiques.
  4648 | D:5      | Reached skill level 7 in Stealth
  5300 | D:6      | Found a shadowy altar of Dithmenos.
  5978 | D:7      | Reached XP level 8. HP: 54/54 MP: 8/8
  6591 | D:7      | Reached skill level 5 in Fighting
  6601 | D:7      | Reached skill level 8 in Stealth
  6612 | D:7      | Found a shattered altar of Ashenzari.
  6629 | D:7      | Found an iron altar of Okawaru.
  6629 | D:7      | Found a bloodstained altar of Trog.
  6629 | D:7      | Found a basalt altar of Yredelemnul.
  6639 | D:7      | Became a worshipper of Ashenzari the Shackled
  6647 | D:7      | Found a sacrificial altar of Ru.
  6658 | D:7      | Found a hazy altar of Hepliaklqana.
  6659 | D:7      | Found a glowing silver altar of Zin.
  6660 | D:7      | Found a burning altar of Makhleb.
  6661 | D:7      | Found a glowing golden altar of the Shining One.
  6722 | D:7      | Noticed a shadow
  6729 | D:7      | Slain by a shadow

Skill      XL: |  1  2  3  4  5  6  7  8 |
---------------+-------------------------+-----
Stealth        | 5 6 7 8 |  8.1
Fighting       | 2 3 4 5 |  5.1
Short Blades   | 3 4 5 6 7 |  7.3
Throwing       | |  2.0
Dodging        | |  1.1

Action                   |  1- 3 |  4- 6 |  7- 9 || total
-------------------------+-------+-------+-------++-------
Melee: Dagger            |    97 |   152 |       ||   249
       Short sword       |       |    99 |   216 ||   315
Invok: Curse Item        |       |       |     3 ||     3
  Use: Potion            |       |     1 |     1 ||     2
       Scroll            |       |     2 |     1 ||     3
 Stab: Sleeping          |     8 |     8 |     6 ||    22
       Distracted        |     1 |     1 |       ||     2
  Eat: Chunk             |       |    10 |     5 ||    15
       Royal jelly       |       |       |     1 ||     1
Armor: Robe              |    25 |    37 |    25 ||    87
Dodge: Dodged            |    95 |   139 |   102 ||   336
